 Dungeon Crawl Stone Soup version 0.32-a0-160-g465344b4ef (webtiles) character file.

Game seed: 2690595787741803450

14 tilp the Sneak (level 2, 0/20 HPs)
             Began as a Vampire Enchanter on Feb 11, 2024.
             Slain by a jackal (2 damage)
             ... on level 2 of the Dungeon.
             The game lasted 00:01:06 (768 turns).

tilp the Sneak (Vampire Enchanter)                   Turns: 768, Time: 00:01:06

Health: 0/20       AC:  2    Str:  7    XL:     2   Next: 31%
Magic:  0/5        EV: 12    Int: 17    God:
Gold:   41         SH:  0    Dex: 14    Spells: 3/5 levels left

rFire   . . .        a - +1 dagger
rCold   . . .        (no shield)
rNeg    . . .        b - +0 robe
rPois   .            (no helmet)
rElec   .            (no cloak)
rCorr   .            (no gloves)
SInv    +            (no boots)
Will    .....        (no amulet)
Stlth   +++          (no ring)
HPRegen 0.43/turn    (no ring)
MPRegen 0.09/turn

%: no passive effects
@: healing quickly, invisible
A: alive, fangs 3, see invisible, vampiric 1
a: Exsanguinate


You were on level 2 of the Dungeon.
You visited 1 branch of the dungeon, and saw 2 of its levels.

You collected 41 gold pieces.

Inventory:

Hand Weapons
 a - a +1 dagger (weapon)
Armour
 b - a +0 robe (worn)
Scrolls
 e - a scroll of noise {unknown}
 f - a scroll of poison {unknown}
Potions
 c - a potion of invisibility
 d - a potion of curing {unknown}
 h - a potion of mutation {unknown}
 i - a potion of heal wounds {unknown}


   Skills:
 * Level 0.6 Fighting
 * Level 1.6 Short Blades
 + Level 2.3 Dodging
 + Level 4.5 Stealth
 + Level 2.1 Spellcasting
 + Level 4.5 Hexes
 + Level 0.0 Ice Magic


You had 3 spell levels left.
You knew the following spells:

 Your Spells              Type           Power      Damage    Failure   Level
a - Ensorcelled Hibernat  Hex/Ice        18%        N/A       11%         2

Your spell library contained the following spells:

 Spells                   Type           Power      Damage    Failure   Level
 Confusing Touch          Hex            17%        N/A       9%          3
 Tukima's Dance           Hex            17%        N/A       9%          3
 Dazzling Flash           Conj/Hex       18%        N/A       22%         3


Dungeon Overview and Level Annotations

Branches:
Dungeon (2/15)

Altars:


Innate Abilities, Weirdness & Mutations

Your natural rate of healing is accelerated.
You have razor-sharp teeth.
You have supernaturally acute eyesight. (SInv)
You are afflicted with vampirism.


Message History

You closely miss the jackal.
The jackal is heavily wounded.
The jackal bites you.
* * * LOW HITPOINT WARNING * * *
Casting: Ensorcelled Hibernation (safe; 11% risk of failure)
Confirm with . or Enter, or press ? or * to list all spells.
Aiming: Ensorcelled Hibernation (safe; 11% risk of failure)
Press: ? - help, Shift-Dir - straight line, f - jackal
Aim: a jackal (heavily wounded, chance to affect: 61%)
The jackal resists with significant effort.
The jackal bites you.
* * * LOW HITPOINT WARNING * * *
The jackal barely misses you.
You barely miss the jackal.
The jackal is heavily wounded.
The jackal bites you.
* * * LOW HITPOINT WARNING * * *
You closely miss the jackal.
The jackal is heavily wounded.
The jackal closely misses you.
You hit the jackal but do no damage. You punch the jackal, but do no damage.
You bite the jackal, but do no damage.
The jackal is heavily wounded.
The jackal closely misses you.
You barely miss the jackal.
The jackal is heavily wounded.
The jackal bites you.
* * * LOW HITPOINT WARNING * * *
The jackal closely misses you.
You barely miss the jackal.
The jackal is heavily wounded.
The jackal bites you but does no damage.
You barely miss the jackal. Your bite misses the jackal.
The jackal is heavily wounded.
The jackal bites you.
* * * LOW HITPOINT WARNING * * *
Unknown command.
You fade into invisibility!
The jackal bites you.
You die...

.w. . #..# .♣# ..# ..# ..#
#.# ###.# #.###### #...#
#######.#...<.
##♣#♣.♣>♣#####.............
#......?.h@.....<......# #
...♣.....♣#####.#####.### #
#........# #.# #.# #
##♣...†.♣...##.# #.# #
........$.##.##.# #.# #
###♣.♣.♣.♣# ...# #.# #
....?... ..#####.# #
.......... ........#
#.........# ..####..#


You could see a jackal (unable to see you).

Vanquished Creatures
  A dart slug (D:1)
  A goblin (D:1)
  A hobgoblin (D:1)
  2 jackals (D:2)
  A kobold (D:1)
  A quokka (D:2)
  A ball python (D:1)
  A bat (D:1)
  3 rats
12 creatures vanquished.

Notes
Turn   | Place    | Note
-------+----------+-------------------------------------------
     0 | D:1      | tilp the Vampire Enchanter began the quest for the Orb.
     0 | D:1      | Reached XP level 1. HP: 13/13 MP: 3/3
    15 | D:1      | Found a faded altar of an unknown god.
   441 | D:1      | Reached XP level 2. HP: 16/20 MP: 5/5
   444 | D:1      | Learned a level 2 spell: Ensorcelled Hibernation
   767 | D:2      | HP: 1/20 [jackal (1)]
   768 | D:2      | Slain by a jackal

Illustrated notes

Levels and vault maps discovered:
D:1:      dpeg_arrival_lava_temple_mockup, layout_loops_cross,
          basic_ecumenical_altar
D:2:      layout_loops_ring, serial_forest, infiniplex_forest_clump_curved,
          infiniplex_forest_clump_C, infiniplex_forest_straight_2,
          infiniplex_forest_straight_2, infiniplex_forest_lined_room_2,
          infiniplex_forest_lined_2, infiniplex_forest_clump_C

Action                     || total
---------------------------++-------
  Melee: Dagger            ||    50
         Bite              ||     4
         Punch             ||     2
   Cast: Ensorcelled Hiber ||     3
    Use: Scroll            ||     3
         Potion            ||     1
   Stab: Sleeping          ||     5
 Armour: Robe              ||    35
  Dodge: Dodged            ||    38

Table legend: (Time is in decaauts)
 A = Elapsed time spent in this place.
 B = Non-inter-level travel time spent in this place.
 C = Inter-level travel time spent in this place.
 D = Time resting spent in this place.
 E = Time spent auto-exploring this place.
 F = Levels seen in this place.
 G = Mean time per level.
                   A        B        C        D        E       F      G
               +--------+--------+--------+--------+--------+-----+--------+
         Total |    765 |    697 |     68 |     14 |    557 |   2 |  382.5 |
       Dungeon |    765 |    697 |     68 |     14 |    557 |   2 |  382.5 |
               +--------+--------+--------+--------+--------+-----+--------+

Top non-repeatable levels by time:
     D:1: 645 daAuts
     D:2: 120 daAuts
